Map: Golden Wall LE

Players

Stats - Winner!

  • Race: Protoss Protoss
  • League: Grandmaster
  • Spawn Location: 5:00

AfreecaDRG (DRG)

  • Race: Zerg Zerg
  • League: Master
  • Spawn Location: 7:00

Event: DreamHack SC2 Masters 2020 Fall

VOD

Have the link to the VOD?

Description

Time

  • Played on: Sept. 16, 2020, 1:17 p.m.
  • Length: 18:26

All games in this series

Show
View Real Time Build Order
Export as new Build Order

Stats Protoss - Winner!

Build Orders: 1 Gate Expand, Oracle Opening, Phoenix Opening, Carriers 

Get SALT Encoding   

  12  0:00  Probe  
  13  0:13  Pylon  
  13  0:18  Probe (Chrono Boost)  
  14  0:26  Probe (Chrono Boost)  
  15  0:32  Probe  
  16  0:41  Gateway  
  16  0:44  Probe  
  16  0:49  Assimilator  
  17  0:56  Probe  
  18  1:08  Probe  
  19  1:21  Probe  
  20  1:28  Nexus  
  20  1:36  Cybernetics Core  
  20  1:39  Probe  
  21  1:44  Assimilator  
  21  1:51  Probe  
  22  1:54  Pylon  
  22  2:03  Probe  
  23  2:10  Adept (Chrono Boost)  
  23  2:14  Warp Gate  
  23  2:15  Probe  
  26  2:27  Probe  
  27  2:30  Stargate, Adept (Chrono Boost)  
  29  2:42  Probe (Chrono Boost)  
  31  2:48  Probe (Chrono Boost)  
  32  2:51  Probe (Chrono Boost)  
  32  2:55  Adept, Probe (Chrono Boost)  
  35  3:00  Probe  
  36  3:06  Probe  
  36  3:12  Probe  
  38  3:13  Phoenix (Chrono Boost)  
  38  3:18  Probe  
  41  3:20  Pylon  
  41  3:23  Gateway  
  41  3:27  Probe  
  41  3:30  Probe  
  41  3:33  Oracle (Chrono Boost)  
  46  3:39  Probe  
  47  3:42  Probe  
  48  3:48  Pylon  
  48  3:51  Stargate  
  48  3:54  Probe x2  
  50  3:59  Assimilator x2  
  50  4:02  Adept  
  52  4:04  Pylon  
  52  4:07  Probe x2  
  54  4:12  Phoenix  
  56  4:19  Probe x2  
  58  4:27  Adept  
  58  4:31  Probe x2  
  62  4:39  Phoenix (Chrono Boost)  
  62  4:41  Phoenix (Chrono Boost)  
  66  4:48  Pylon  
  66  4:53  Nexus  
  66  5:01  Phoenix (Chrono Boost)  
  66  5:03  Phoenix (Chrono Boost)  
  66  5:06  Probe  
  66  5:07  Probe  
  72  5:12  Pylon  
  72  5:13  Robotics Facility  
  72  5:19  Probe x2  
  74  5:24  Pylon  
  74  5:30  Forge  
  74  5:31  Twilight Council  
  74  5:33  Probe x2  
  76  5:39  Shield Battery  
  76  5:41  Pylon  
  76  5:45  Probe x2  
  78  5:53  Gateway  
  78  5:55  Gateway  
  78  5:58  Shield Battery, Probe x2 (Chrono Boost)  
  78  5:59  Protoss Ground Weapons Level 1  
  78  6:02  Observer  
  81  6:05  Probe (Chrono Boost)  
  81  6:09  Assimilator  
  81  6:10  Probe x2 (Chrono Boost)  
  84  6:12  Assimilator  
  84  6:13  Charge  
  84  6:16  Probe x2 (Chrono Boost)  
  84  6:17  Probe (Chrono Boost)  
  87  6:23  Probe  
  87  6:24  Probe  
  89  6:26  Probe  
  90  6:35  Templar Archives, Immortal (Chrono Boost), Pylon  
  94  6:45  Probe x3  
  97  6:48  Gateway  
  97  6:50  Gateway  
  97  6:51  Shield Battery  
  97  7:06  Immortal (Chrono Boost)  
  97  7:07  Gateway x2  
  101  7:08  Pylon  
  101  7:10  Psionic Storm  
  101  7:12  High Templar x4  
  109  7:23  Pylon  
  109  7:25  Pylon  
  109  7:26  Probe x3  
  112  7:42  Nexus  
  112  7:43  High Templar  
  114  7:44  Pylon  
  114  7:45  High Templar  
  114  7:46  Pylon  
  114  7:47  Immortal (Chrono Boost)  
  114  7:49  Photon Cannon  
  120  7:53  Photon Cannon  
  120  7:54  Shield Battery  
  120  7:56  Protoss Ground Weapons Level 2 (Chrono Boost), Photon Cannon  
  120  8:01  Photon Cannon  
  120  8:13  Shield Battery x2  
  120  8:15  Fleet Beacon  
  120  8:18  Stargate  
  120  8:20  Immortal (Chrono Boost)  
  120  8:21  Photon Cannon  
  120  8:23  Shield Battery  
  120  8:32  Protoss Air Weapons Level 1  
  124  8:39  Probe x3  
  127  8:42  Assimilator  
  127  8:46  Assimilator  
  127  8:50  Shield Battery  
  127  8:51  Probe x3, Photon Cannon  
  127  8:52  Photon Cannon  
  127  8:54  Probe  
  131  9:03  Probe x3  
  131  9:06  Probe  
  131  9:08  Photon Cannon  
  131  9:09  Photon Cannon  
  132  9:23  Carrier (Chrono Boost)  
  142  9:25  Carrier x2 (Chrono Boost)  
  148  9:35  Observer  
  148  9:39  Photon Cannon  
  148  9:40  Photon Cannon  
  148  9:43  Shield Battery, Photon Cannon x2  
  147  9:45  Shield Battery  
  147  9:59  Zealot x5  
  157  10:00  Zealot x3  
  157  10:05  Carrier  
  163  10:10  Carrier  
  163  10:14  Pylon  
  171  10:16  Pylon  
  175  10:22  Carrier  
  175  10:33  Mothership (Chrono Boost)  
  181  10:40  Protoss Ground Weapons Level 3  
  183  11:02  Cybernetics Core  
  183  11:04  Gateway  
  183  11:05  Pylon  
  183  11:07  Gateway  
  183  11:12  Carrier  
  183  11:14  Carrier  
  165  11:38  Carrier (Chrono Boost)  
  156  11:45  High Templar x2, Pylon  
  157  11:47  Zealot x4  
  157  11:48  Probe x2  
  157  11:49  Probe  
  168  12:00  Probe x2  
  168  12:01  Probe  
  159  12:09  High Templar x4  
  159  12:10  High Templar x2  
  159  12:12  Probe  
  159  12:13  Probe  
  173  12:22  Observer  
  175  12:26  Probe x4  
  175  12:27  Oracle (Chrono Boost)  
  175  12:29  Zealot  
  181  12:33  Gateway  
  181  12:35  Gateway, Cybernetics Core  
  181  12:43  Observer  
  180  12:48  Archon  
  180  12:49  Archon  
  167  13:07  Carrier x2 (Chrono Boost)  
  179  13:14  Pylon x2  
  179  13:18  Pylon  
  179  13:20  Protoss Shields Level 1, Pylon  
  179  13:22  Shield Battery x2  
  179  13:29  Carrier (Chrono Boost)  
  179  13:33  High Templar x3  
  191  13:34  High Templar  
  193  13:43  Cybernetics Core  
  193  13:50  Protoss Air Weapons Level 2 (Chrono Boost)  
  189  14:00  Gateway  
  189  14:02  Photon Cannon  
  190  14:04  Photon Cannon x2  
  190  14:05  Photon Cannon  
  190  14:06  Warp Prism (Chrono Boost)  
  189  14:11  Observer  
  185  14:39  Nexus  
  185  14:40  Pylon  
  185  14:44  Pylon  
  185  15:11  Zealot x2  
  185  15:12  Zealot x5  
  198  15:41  Zealot x5  
  198  15:42  Zealot x2  
  198  15:52  Shield Battery  
  198  15:53  Shield Battery  
  198  15:54  Shield Battery  
  198  15:57  Assimilator  
  198  16:03  Assimilator  
  184  16:20  Zealot x6  
  156  17:03  Observer  
  147  17:14  Observer  
  141  17:44  Pylon x2  
  141  17:46  Pylon x3  
  141  17:47  Pylon  
  141  17:49  Pylon  
  138  18:03  Pylon  
  138  18:04  Pylon  
Show
View Real Time Build Order
Export as new Build Order

AfreecaDRG Zerg 

Build Orders: Hatch First, Lurkers 

Get SALT Encoding   

  12  0:00  Drone  
  13  0:12  Overlord  
  13  0:17  Drone  
  14  0:30  Drone x2  
  16  0:46  Drone x2  
  18  0:56  Hatchery  
  17  0:58  Drone  
  17  1:00  Extractor  
  17  1:13  Spawning Pool  
  17  1:16  Drone  
  17  1:19  Drone  
  18  1:28  Drone  
  19  1:41  Drone  
  20  1:51  Drone  
  21  2:00  Zergling x2  
  22  2:05  Metabolic Boost  
  22  2:08  Queen x2, Overlord  
  24  2:10  Drone  
  27  2:19  Drone  
  28  2:32  Hatchery  
  28  2:35  Zergling x2  
  28  2:38  Zergling x2  
  28  2:40  Drone  
  28  2:42  Drone  
  32  2:44  Drone  
  32  2:51  Queen  
  32  2:55  Zergling x2  
  32  2:57  Zergling x2  
  36  3:05  Overlord  
  36  3:11  Overlord  
  35  3:21  Overlord  
  35  3:24  Drone x5  
  40  3:27  Drone  
  40  3:32  Queen  
  43  3:36  Spore Crawler  
  43  3:41  Drone x2  
  44  3:44  Drone  
  44  3:45  Drone  
  44  3:47  Drone  
  47  3:52  Queen  
  49  3:56  Drone x2  
  49  3:58  Drone  
  49  4:02  Drone x2  
  54  4:06  Spore Crawler  
  54  4:08  Overlord  
  54  4:10  Drone  
  54  4:12  Overlord  
  54  4:16  Drone x2  
  56  4:19  Overlord  
  56  4:22  Drone x2  
  58  4:28  Overlord  
  58  4:29  Drone x2  
  59  4:35  Drone x2  
  59  4:38  Drone  
  59  4:41  Drone x3  
  59  4:43  Lair  
  59  4:45  Drone x2  
  64  4:49  Drone  
  65  4:53  Drone x2, Roach Warren  
  65  4:57  Evolution Chamber  
  65  5:00  Extractor  
  65  5:01  Drone x4  
  65  5:02  Extractor  
  65  5:05  Zergling x2  
  65  5:06  Zergling x4  
  70  5:12  Overlord  
  70  5:20  Drone x5  
  70  5:21  Drone  
  76  5:22  Extractor x2  
  76  5:23  Drone  
  76  5:25  Zerg Missile Weapons Level 1  
  76  5:26  Drone  
  76  5:28  Extractor  
  76  5:29  Drone  
  76  5:31  Drone x4  
  76  5:32  Drone  
  81  5:38  Drone x2  
  81  5:39  Drone  
  84  5:44  Overseer  
  84  5:45  Hydralisk Den, Hatchery  
  84  5:47  Drone x3  
  82  5:52  Drone x4  
  82  5:55  Spore Crawler  
  85  5:58  Spore Crawler  
  85  6:00  Drone  
  85  6:03  Overlord  
  85  6:06  Queen x2  
  85  6:10  Overlord  
  89  6:15  Grooved Spines  
  89  6:17  Overlord x2  
  89  6:22  Hydralisk x3  
  95  6:26  Hydralisk  
  95  6:32  Hydralisk x3  
  97  6:36  Drone x4  
  104  6:41  Drone x4  
  104  6:43  Drone x2  
  105  6:47  Extractor  
  105  6:48  Drone x3, Extractor  
  105  6:51  Drone  
  107  6:56  Infestation Pit  
  107  6:57  Drone  
  107  6:58  Drone  
  106  7:04  Overlord  
  106  7:07  Drone x2  
  106  7:08  Drone x2, Spore Crawler  
  110  7:09  Queen  
  110  7:10  Drone, Spore Crawler  
  110  7:14  Hydralisk x2  
  111  7:19  Drone x3  
  114  7:24  Drone, Zerg Missile Weapons Level 2  
  114  7:26  Muscular Augments  
  114  7:28  Evolution Chamber  
  114  7:32  Drone x6  
  114  7:36  Hive  
  120  7:38  Drone  
  121  7:48  Overlord  
  121  7:50  Overlord  
  121  7:51  Overlord  
  121  7:53  Overlord  
  121  7:56  Overlord, Hatchery  
  120  8:03  Zerg Ground Armor Level 1  
  120  8:04  Drone x5  
  122  8:15  Hydralisk x4  
  122  8:16  Lurker Den  
  129  8:25  Pneumatized Carapace  
  129  8:26  Overlord x3  
  129  8:32  Hydralisk x5  
  139  8:42  Drone x5  
  139  8:43  Drone x5  
  149  8:52  Hydralisk x5  
  159  9:01  Extractor  
  156  9:14  Seismic Spines  
  156  9:15  Drone  
  156  9:16  Drone  
  157  9:20  Spore Crawler  
  157  9:21  Hydralisk x8  
  168  9:24  Drone x6  
  173  9:39  Hydralisk x3  
  179  9:47  Zerg Missile Weapons Level 3  
  179  9:48  Overseer  
  179  9:51  Lurker x12, Hatchery  
  179  9:52  Lurker  
  191  9:59  Zerg Ground Armor Level 2  
  191  10:02  Hydralisk x2  
  191  10:06  Extractor  
  194  10:08  Lurker  
  194  10:10  Extractor, Overlord x2  
  194  10:11  Adaptive Talons  
  194  10:16  Hydralisk  
  194  10:20  Overlord  
  194  10:31  Spine Crawler x2  
  194  10:32  Spine Crawler  
  194  10:33  Spine Crawler  
  194  10:35  Drone  
  191  10:44  Hydralisk x4  
  193  11:24  Overseer  
  193  11:25  Hydralisk x3  
  199  11:32  Hydralisk x13  
  173  11:39  Hydralisk x11  
  192  12:03  Hydralisk x5, Hatchery  
  192  12:05  Overseer x2  
  199  12:19  Spine Crawler x2  
  199  12:20  Spine Crawler x4  
  199  12:22  Spine Crawler  
  192  12:25  Zerg Ground Armor Level 3  
  192  12:28  Drone  
  192  12:29  Drone x4, Spire x2  
  195  12:30  Spine Crawler  
  195  12:33  Spine Crawler  
  190  12:45  Overseer  
  159  12:51  Hydralisk  
  159  12:52  Hydralisk x18, Overseer  
  166  13:16  Overlord x2  
  166  13:17  Lurker x5  
  166  13:18  Lurker x7  
  166  13:19  Hydralisk  
  178  13:24  Drone  
  178  13:25  Drone x4  
  185  13:28  Spine Crawler  
  185  13:29  Spine Crawler  
  185  13:30  Hydralisk x3  
  185  13:31  Hydralisk x3  
  185  13:34  Overlord  
  195  13:47  Zerg Flyer Armor Level 1, Zerg Flyer Weapons Level 1, Hatchery  
  194  13:52  Drone x3  
  197  14:02  Spore Crawler  
  196  14:03  Spore Crawler  
  196  14:04  Spore Crawler x3  
  196  14:05  Spore Crawler  
  196  14:06  Drone x9  
  200  14:17  Overseer  
  200  14:22  Drone, Spore Crawler x2  
  200  14:23  Spine Crawler, Spore Crawler x3  
  195  14:24  Spine Crawler  
  195  14:26  Spine Crawler  
  191  14:38  Viper x2  
  191  14:46  Hydralisk x5  
  191  14:51  Hydralisk x5  
  199  14:57  Hydralisk x3  
  199  14:58  Hydralisk x3  
  183  15:07  Hydralisk x3  
  183  15:08  Spore Crawler  
  183  15:11  Spore Crawler  
  183  15:12  Spore Crawler  
  181  15:18  Hydralisk x5  
  184  15:26  Hydralisk x3  
  184  15:31  Overlord  
  184  15:32  Overseer x2  
  184  15:35  Hydralisk  
  182  15:37  Drone  
  185  15:55  Hydralisk x7  
  185  16:32  Hydralisk x10  
  190  16:33  Hydralisk x5, Overseer x2  
  199  16:41  Drone  
  199  16:46  Overlord  
  193  16:47  Overseer x5  
  156  17:16  Viper  
  156  17:17  Viper x2  
  156  17:19  Viper x3  
  156  17:22  Hatchery  
  145  17:53  Drone, Spawning Pool  
  145  17:54  Drone x4  

Tags
 
Add a new tag
Caveats
  • Supply blocks, unpowered buildings, or Contaminate may cause inaccurate times.
  • Supply counts are checked every 10 seconds.